 Dungeon Crawl Stone Soup version 0.29-a0-973-gac7da5f7f0 (webtiles) character file.

Game seed: 12067359624736327969

27210 ragingrage the Covert (level 13, 0/101 HPs)
             Began as a Human Wanderer on July 31, 2022.
             Was an Elder of Nemelex Xobeh.
             Slain by an entropy weaver simulacrum (2 damage)
             ... in an ice cave.
             The game lasted 00:52:45 (24366 turns).

ragingrage the Covert (Human Wanderer)             Turns: 24366, Time: 00:52:46

Health: 0/101      AC: 13    Str: 15    XL:     13   Next: 64%
Magic:  0/18       EV: 12    Int: 15    God:    Nemelex Xobeh [****..]
Gold:   505        SH:  0    Dex: 13    Spells: 7/14 levels left

rFire   x . .      SeeInvis .   a - +3 spear (freeze)
rCold   + . .      Faith    .   U - orb {light}
rNeg    . . .      Spirit   +   W - +1 troll leather armour
rPois   .          Reflect  .   (no helmet)
rElec   .          Harm     .   w - +0 cloak {rCorr}
rCorr   +          Rampage  .   E - +1 pair of gloves
Will    .....                   C - +0 pair of boots
Stlth   ++........              d - amulet of guardian spirit
HPRegen 1.06/turn               D - ring of ice
MPRegen 0.16/turn               l - +4 ring of protection

@: glowing, studying Stealth
A: no striking features
a: Renounce Religion, Draw Escape, Draw Destruction, Draw Summoning, Triple
Draw, Deal Four


You were in an ice cave.
You worshipped Nemelex Xobeh.
Nemelex Xobeh was greatly pleased with you.
You visited 3 branches of the dungeon, and saw 17 of its levels.
You also visited: Ossuary and Ice Cave.

You collected 807 gold pieces.
You spent 302 gold pieces at shops.

Inventory:

Hand Weapons
 a - a +3 spear of freezing (weapon)
 b - the +2 whip of Psychosis {vorpal, *Rage rN+ Int+8}
   (You found it on level 3 of the Dungeon)

   It inflicts extra damage upon your enemies.
   Int:       It affects your intelligence (+8).
   rN:        It protects you from negative energy.
   *Rage:     It berserks you when you make melee attacks (+20% chance).
 c - the +9 short sword of Foolhardiness {vorpal, rF+ rC+ rN+}
   (You found it on level 1 of the Lair of Beasts)

   It inflicts extra damage upon your enemies.
   rF:        It protects you from fire.
   rC:        It protects you from cold.
   rN:        It protects you from negative energy.
 x - a +0 shortbow
 G - a +3 broad axe of draining
Missiles
 h - 36 poisoned darts (quivered)
 p - 6 javelins
 V - a curare-tipped dart
Armour
 i - the +4 chain mail of Kueran {Dex+4}
   (You found it on level 11 of the Dungeon)

   Dex:       It affects your dexterity (+4).
 w - a +0 cloak of preservation (worn)
 C - a +0 pair of boots (worn)
 E - a +1 pair of gloves (worn)
 U - an orb of light (worn)
 W - a +1 troll leather armour (worn)
Jewellery
 d - an amulet of guardian spirit (around neck)
 l - a +4 ring of protection (right hand)
 A - a ring of fire
 D - a ring of ice (left hand)
 K - a +4 ring of evasion
 P - a +6 ring of strength
 Y - a +6 ring of intelligence
Wands
 q - a wand of paralysis (19)
 I - a wand of roots (8)
 L - a wand of polymorph (22)
 M - a wand of flame (19)
 R - a wand of digging (5)
 T - a wand of light (5)
Scrolls
 e - 2 scrolls of amnesia
 g - 5 scrolls of teleportation
 k - 3 scrolls of fear
 m - a scroll of enchant armour
 n - 2 scrolls of silence
 o - a scroll of brand weapon
 r - 3 scrolls of identify
 t - a scroll of summoning
 u - 3 scrolls of vulnerability
 y - 2 scrolls of magic mapping
 B - 6 scrolls of poison
 F - a scroll of blinking
 X - a scroll of fog
 Z - 3 scrolls of noise
Potions
 f - 4 potions of attraction
 j - 6 potions of heal wounds
 s - 7 potions of might
 v - 3 potions of brilliance
 z - 2 potions of flight
 H - 3 potions of magic
 J - 7 potions of curing
 N - a potion of mutation
 O - a potion of cancellation
 Q - a potion of berserk rage


   Skills:
 + Level 9.5 Fighting
 * Level 6.7(10.2) Axes
 - Level 12.0(12.7) Polearms
 - Level 2.0 Dodging
 + Level 14.1 Stealth
 - Level 1.0 Spellcasting
 + Level 7.3 Poison Magic
 + Level 6.9 Invocations
 - Level 8.0 Evocations


You had 7 spell levels left.
You knew the following spells:

 Your Spells              Type           Power      Damage    Failure   Level
a - Sting                 Tmut/Pois      44%        1d5       7%          1
b - Mephitic Cloud        Conj/Pois/Air  8%         N/A       32%         3
c - Ignite Poison         Fire/Tmut/Pois 8%         N/A       32%         3

Your spell library contained the following spells:

 Spells                   Type           Power      Damage    Failure   Level
 Poisonous Vapours        Pois/Air       22%        N/A       11%         2
 Olgreb's Toxic Radiance  Pois           22%        N/A       14%         4
 Spider Form              Tmut/Pois      11%        N/A       21%         3
 Beastly Appendage        Tmut           0%         N/A       30%         1
 Magic Dart               Conj           0%         1d3       30%         1
 Call Imp                 Summ           0%         N/A       41%         2
 Wereblood                Tmut           0%         N/A       41%         2
 Conjure Flame            Conj/Fire      0%         6-21      65%         3
 Gell's Gravitas          Tloc           0%         N/A       65%         3
 Portal Projectile        Hex/Tloc       0%         N/A       65%         3
 Teleport Other           Tloc           0%         N/A       65%         3
 Tukima's Dance           Hex            0%         N/A       65%         3
 Corpse Rot               Necr/Pois/Air  8%         N/A       73%         4
 Dispel Undead            Necr           0%         3d6       96%         4
 Petrify                  Tmut/Erth      0%         N/A       96%         4
 Sticky Flame             Conj/Fire      0%         2d3       96%         4
 Blade Hands              Tmut           0%         N/A       100%        5
 Metabolic Englaciation   Hex/Ice        0%         N/A       100%        5
 Death Channel            Necr           0%         N/A       100%        6
 Dispersal                Tloc           0%         N/A       100%        6
 Statue Form              Tmut/Erth      0%         N/A       100%        6


Dungeon Overview and Level Annotations

Branches:
Dungeon (11/15)            Temple (1/1) D:7            Lair (5/5) D:11
  Swamp (0/4) Lair:3          Orc (0/2) D:11        Ossuary (visited)
  IceCv (1/1)
  Snake: Lair:2-3    Spider: Lair:2-3     Slime: Lair:4-5

Altars:
Ashenzari
Cheibriados
Dithmenos
Elyvilon
Fedhas
Gozag
Hepliaklqana
Kikubaaqudgha
Makhleb
Nemelex Xobeh
Okawaru
Qazlal
Ru
Sif Muna
Trog
Uskayaw
Vehumet
Wu Jian
Xom
Zin
The Shining One

Shops:
D:8 ?   D:9 *

Annotations:
D:5 exclusion: downstairs
D:6 1 exclusion
D:8 3 runed translucent doors, exclusion: door, Phlounder's ghost, novice DjIE
Temple 2 transporters
Lair:3 Gastronok
Lair:4 exclusion: komodo dragon


Message History

The entropy weaver simulacrum freezes you!
You resist.
The entropy weaver simulacrum hits you but does no damage. x2
You hit the entropy weaver simulacrum but do no damage.
The entropy weaver simulacrum is almost destroyed.
You hit the entropy weaver simulacrum.
The entropy weaver simulacrum is almost destroyed.
The entropy weaver simulacrum hits you but does no damage.
The entropy weaver simulacrum closely misses you.
The entropy weaver simulacrum hits you.
The entropy weaver simulacrum freezes you!
You resist. The entropy weaver simulacrum hits you.
The entropy weaver simulacrum freezes you!
You resist.
* * * LOW HITPOINT WARNING * * *
You hit the entropy weaver simulacrum.
The entropy weaver simulacrum is almost destroyed.
You hit the entropy weaver simulacrum but do no damage.
The entropy weaver simulacrum is almost destroyed.
The entropy weaver simulacrum misses you.
The entropy weaver simulacrum hits you but does no damage.
The entropy weaver simulacrum hits you.
* * * LOW HITPOINT WARNING * * *
The entropy weaver simulacrum freezes you!
You resist.
* * * LOW HITPOINT WARNING * * *
The entropy weaver simulacrum hits you but does no damage.
You hit the entropy weaver simulacrum.
The entropy weaver simulacrum is almost destroyed.
Unknown command.
You barely miss the entropy weaver simulacrum.
The entropy weaver simulacrum is almost destroyed.
The entropy weaver simulacrum hits you.
* * * LOW HITPOINT WARNING * * *
The entropy weaver simulacrum freezes you!
You resist.
* * * LOW HITPOINT WARNING * * *
The entropy weaver simulacrum hits you.
You die...
Your body glows with a rainbow of weird colours and disappears.

#.####...####.#
###.4#...#4.###
#⌠(##'##[⌠#
##+#...#'##
#...#..
###...###
#.#...#.#
###'#...#'###
#.'Z@.....'.#
###.8...8.###
+.......'.#
#.8...8.###
...........'
###.8...8.###
+.......+
#.8...8.#
+.......+


You could see an entropy weaver simulacrum.

Vanquished Creatures
  Fannar (Lair:2)
  A hydra (D:9)
  2 two-headed ogres
  A manticore (D:11)
  2 ice statues (IceCv)
  4 black mambas
  A gargoyle (D:11)
  A torpor snail (Lair:1)
  9 cane toads
  2 rime drakes (Lair:1)
  2 komodo dragons
  A komodo dragon (shapeshifter) (D:8)
  An anaconda simulacrum (IceCv)
  7 ice devils
  A queen bee (Lair:3)
  4 trolls
  A polar bear (Lair:3)
  Grinder (D:4)
  3 hornets
  4 blink frogs (Lair:2)
  A spriggan (Lair:1)
  A shadow (D:11)
  16 yaks
  3 wyverns
  A dire elephant simulacrum (IceCv)
  A fire bat (D:7)
  A wraith (D:10)
  2 death yak simulacra (IceCv)
  3 vampire mosquitoes (D:11)
  5 steam dragons
  A basilisk (Lair:3)
  A warg (D:8)
  Menkaure (D:7)
  9 water moccasins
  2 harpy simulacra (IceCv)
  Duvessa (D:7)
  A swamp drake (D:11)
  2 black bears
  An orc warrior (D:11)
  A sky beast (D:6)
  2 ice beasts (D:5)
  2 wolves (D:11)
  2 ogres
  2 centaurs
  Blork the orc (D:4)
  2 kobold brigands
  9 bullfrogs
  A gnoll sergeant (D:10)
  An elf skeleton (D:8)
  A necrophage (D:5)
  3 scorpions
  3 wights
  17 killer bees
  7 howler monkeys
  2 electric eels (D:11)
  A human zombie (D:8)
  12 hounds
  2 orc priests
  3 jellies
  4 iguanas
  8 orc wizards
  2 spriggan simulacra (IceCv)
  A mummy (Ossuary)
  13 gnolls
  5 adders
  A shadow imp (D:8)
  A white imp (D:6)
  2 ufetubi (D:4)
  4 dart slugs
  35 orcs
  3 spectral bats (Ossuary)
  7 endoplasms
  6 goblins
  6 hobgoblins
  2 quokkas (D:1)
  6 ball pythons
  7 bats
  A bat simulacrum (Ossuary)
  4 frilled lizards
  12 gnoll zombies (Ossuary)
  2 goblin simulacra (Ossuary)
  4 goblin zombies (Ossuary)
  5 hobgoblin zombies (Ossuary)
  20 kobolds
  6 kobold simulacra (Ossuary)
  4 kobold zombies (Ossuary)
  An orc skeleton (D:8)
  8 orc zombies
  4 rats
  3 rat simulacra (Ossuary)
  4 spectral goblins (Ossuary)
  3 spectral kobolds (Ossuary)
  7 spectral rats (Ossuary)
377 creatures vanquished.

Vanquished Creatures (collateral kills)
  A hydra (Lair:3)
  3 blink frogs (Lair:2)
  5 yaks (Lair:3)
  2 water moccasins
  A bullfrog (Lair:3)
  3 killer bees (Lair:3)
  A spriggan simulacrum (IceCv)
16 creatures vanquished.

Vanquished Creatures (others)
  4 fungi
  11 plants
15 creatures vanquished.

Grand Total: 408 creatures vanquished

Notes
Turn   | Place    | Note
-------+----------+-------------------------------------------
     0 | D:1      | ragingrage the Human Wanderer began the quest for the Orb.
     0 | D:1      | ragingrage set off with the following items: a +2 spear, a
                  | wand of flame (3), a potion of berserk rage, a +0 robe; and
                  | the following spell memorised: Sting; and the following
                  | spells available to memorise: Ignite Poison.
     0 | D:1      | Reached XP level 1. HP: 13/13 MP: 2/2
   391 | D:1      | Reached XP level 2. HP: 19/19 MP: 0/3
   941 | D:1      | Found a faded altar of an unknown god.
  1447 | D:2      | Reached XP level 3. HP: 16/24 MP: 0/4
  2220 | D:2      | Reached XP level 4. HP: 23/30 MP: 5/5
  2617 | D:3      | Found a bloodstained altar of Trog.
  3023 | D:3      | Identified the +2 whip of Psychosis {vorpal, *Rage rN+
                  | Int+8}
  3691 | D:4      | Reached skill level 5 in Polearms
  3691 | D:4      | Reached XP level 5. HP: 27/35 MP: 0/6
  4036 | D:4      | Noticed Grinder
  4046 | D:4      | Killed Grinder
  4047 | D:4      | Reached XP level 6. HP: 41/41 MP: 7/7
  4429 | D:4      | Reached XP level 7. HP: 43/46 MP: 2/8
  4939 | D:4      | Noticed Blork the orc
  4948 | D:4      | Killed Blork the orc
  5542 | D:5      | Entered Level 5 of the Dungeon
  5568 | D:4      | Reached skill level 1 in Stealth
  5815 | D:5      | Reached skill level 2 in Stealth
  5864 | D:5      | Reached skill level 3 in Stealth
  5864 | D:5      | Reached XP level 8. HP: 52/52 MP: 5/9
  6156 | D:5      | Reached skill level 4 in Stealth
  6320 | D:5      | Reached skill level 5 in Stealth
  7892 | D:6      | Reached XP level 9. HP: 18/57 MP: 5/10
  8399 | D:6      | Noticed a gargoyle
  8482 | D:6      | Noticed a two-headed ogre
  8496 | D:7      | Noticed a hornet
  8499 | D:7      | Noticed Menkaure
  8506 | D:7      | Killed a hornet
  8507 | D:7      | Reached skill level 10 in Polearms
  8519 | D:7      | Noticed Duvessa
  8561 | D:7      | Noticed Dowan
  9239 | D:6      | Learned a level 3 spell: Mephitic Cloud
  9401 | D:6      | You fall into a shaft and drop 3 floors!
  9553 | D:10     | Entered Level 10 of the Dungeon
  9553 | D:10     | Found a flagged portal.
  9558 | D:10     | Learned a level 3 spell: Ignite Poison
  9653 | D:9      | Noticed a troll
 10207 | D:8      | Found a sand-covered staircase.
 10281 | Ossuary  | Entered an ossuary
 11015 | D:8      | Noticed a deep elf pyromancer
 11016 | D:8      | Found a runed translucent gate.
 11018 | D:8      | Noticed a boulder beetle
 11406 | D:8      | Found Lumonote's Magic Scroll Boutique.
 11409 | D:8      | Bought a scroll of fear for 64 gold pieces
 11452 | D:8      | Noticed a two-headed ogre
 11546 | D:8      | Noticed Maurice
 11549 | D:8      | Noticed Maurice
 11549 | D:8      | Maurice changed into Maurice the warg
 11563 | D:8      | Killed Maurice the warg
 11809 | D:7      | Reached XP level 10. HP: 63/63 MP: 7/11
 11993 | D:6      | Reached skill level 6 in Stealth
 12105 | D:6      | Reached skill level 5 in Poison Magic
 12243 | D:7      | Reached skill level 7 in Stealth
 12374 | D:7      | Found a staircase to the Ecumenical Temple.
 12383 | Temple   | Entered the Ecumenical Temple
 12383 | Temple   | Found a transporter.
 12383 | Temple   | Found a transporter.
 12385 | Temple   | Found a transporter.
 12385 | Temple   | Found a transporter.
 12401 | Temple   | Became a worshipper of Nemelex Xobeh the Trickster
 12505 | D:7      | Found a sacrificial altar of Ru.
 12523 | D:7      | Killed Menkaure
 12607 | D:7      | Reached skill level 8 in Stealth
 12835 | D:6      | Found an opulent altar of Gozag.
 13245 | D:7      | Killed Duvessa
 13246 | D:7      | Reached skill level 9 in Stealth
 13374 | D:7      | Noticed Dowan
 13374 | D:7      | Dowan changed into Dowan the fire bat
 13382 | D:7      | Killed Dowan the fire bat
 13631 | D:7      | Reached * piety under Nemelex Xobeh
 13748 | D:8      | Noticed Phlounder's ghost (novice DjIE)
 13777 | D:8      | Reached skill level 1 in Fighting
 14137 | D:8      | Killed a two-headed ogre
 14138 | D:8      | Reached skill level 10 in Stealth
 14821 | D:8      | Found a runed translucent gate.
 14821 | D:8      | Found a runed translucent gate.
 15151 | D:8      | Noticed a yaktaur
 15653 | D:8      | Noticed a komodo dragon
 15653 | D:8      | a jumping spider changed into a komodo dragon
 15667 | D:8      | Killed a komodo dragon
 15668 | D:8      | Reached skill level 11 in Stealth
 15668 | D:8      | Reached XP level 11. HP: 48/78 MP: 1/12
 16100 | D:8      | Reached skill level 5 in Fighting
 16129 | D:8      | Reached skill level 12 in Stealth
 16272 | D:9      | Noticed an eight-headed hydra
 16287 | D:9      | Killed an eight-headed hydra
 16563 | D:8      | Reached skill level 5 in Evocations
 17212 | D:9      | Found Jefugh's Assorted Antiques.
 17221 | D:9      | Bought a wand of flame (6) for 79 gold pieces
 17221 | D:9      | Bought a wand of light (2) for 159 gold pieces
 17449 | D:10     | Received a gift from Nemelex Xobeh
 17652 | D:10     | Identified the +7 great sword of Earthquakes {vamp, *Rage
                  | Fly Will+ SInv}
 17707 | D:10     | Reached skill level 1 in Invocations
 18535 | D:10     | Received a gift from Nemelex Xobeh
 18636 | D:11     | Reached ** piety under Nemelex Xobeh
 18636 | D:11     | Noticed a two-headed ogre
 18663 | D:11     | Killed a two-headed ogre
 19095 | D:11     | Found a staircase to the Lair.
 19274 | D:11     | Noticed a manticore
 19292 | D:11     | Killed a manticore
 19293 | D:11     | Reached XP level 12. HP: 91/91 MP: 3/14
 19449 | D:11     | Reached skill level 13 in Stealth
 19788 | D:11     | Identified the +4 chain mail of Kueran {Dex+4}
 20059 | D:11     | Found a staircase to the Orcish Mines.
 20250 | Lair:1   | Entered Level 1 of the Lair of Beasts
 20805 | Lair:1   | Reached skill level 1 in Axes
 21027 | Lair:1   | Identified the +9 short sword of Foolhardiness {vorpal, rF+
                  | rC+ rN+}
 21793 | Lair:1   | Reached *** piety under Nemelex Xobeh
 22084 | Lair:2   | Received a gift from Nemelex Xobeh
 22187 | Lair:1   | Reached skill level 5 in Invocations
 22308 | Lair:2   | Reached skill level 14 in Stealth
 22387 | Lair:2   | Found a sparkling altar of Nemelex Xobeh.
 22492 | Lair:2   | Identified the +5 scale mail of Qemigg {rF+ Stlth+}
 22575 | Lair:2   | Reached XP level 13. HP: 99/99 MP: 15/17
 22609 | Lair:2   | Noticed Fannar
 22774 | Lair:2   | Killed Fannar
 22956 | Lair:2   | You fall into a shaft and drop 2 floors!
 22967 | Lair:5   | Entered Level 5 of the Lair of Beasts
 23130 | Lair:3   | Received a gift from Nemelex Xobeh
 23140 | Lair:3   | Found a staircase to the Swamp.
 23155 | Lair:3   | Noticed a six-headed hydra
 23159 | Lair:3   | Killed a six-headed hydra
 23172 | Lair:3   | Reached skill level 5 in Axes
 23262 | Lair:3   | Reached **** piety under Nemelex Xobeh
 23275 | Lair:3   | Received a gift from Nemelex Xobeh
 23466 | Lair:3   | Noticed Gastronok
 23540 | Lair:3   | Found a frozen archway.
 23625 | IceCv    | Entered an ice cave
 24366 | IceCv    | HP: 2/101 [entropy weaver simulacrum (12)]
 24366 | IceCv    | Slain by an entropy weaver simulacrum

Illustrated notes

Levels and vault maps discovered:
D:1:      lightli_iron_boxes, layout_loops_ring,
          hellmonk_ecumenical_altar_arch_garden
D:2:      layout_loops_cross, minmay_misc_feat_rugged, supply_closet_lemuel,
          minmay_misc_feat_plants
D:3:      layout_basic, old_standard_altar
D:4:      layout_rooms, hangedman_abyss_or_decor_passed, dk_noncrumbling_3,
          minmay_manual_mess, uniq_blork_the_orc, uniq_grinder
D:5:      layout_loops_ring
D:6:      kennysheep_big_flooded_room, layout_basic,
          nicolae_gozag_cash_rules_everything_around_me, uniq_crazy_yiuf_cottage
D:7:      layout_basic, nicolae_ru_sacrificial_ziggurat,
          minmay_temple_entry_butterflies, uniq_duvessa, uniq_menkaure
D:8:      minmay_chambers_of_sevens, layout_loops_ring,
          nicolae_ossuary_entry_catacombs, serial_glass, glass_columns_c,
          glass_columns_a, serial_shops, kennysheep_mini_moat,
          gammafunk_ghost_split, chequers_serial_rivers_micro_c, uniq_maurice
D:9:      layout_cave_pools, serial_shops, nicolae_lakefront_shop
D:10:     layout_gridville, enter_bailey_5, nicolae_elevator_lobby_plus
D:11:     layout_roguey, erik_lair_island, erik_orc_1,
          chequers_serial_rivers_room_a
Temple:   hellmonk_temple_divided_pantheon
Lair:1:   layout_layer_cave
Lair:2:   layout_hall_layers, basic_altar, grunt_megastairs_1, uniq_fannar
Lair:3:   layout_gridlike, swamp_mist_pool, guppyfry_snake_entry_garden,
          portal_ice_cave_demonic_guard, special_room [special_room_bee],
          columned_hall_lemuel, uniq_gastronok
Lair:4:   dreamdust_cave_troll, layout_big_grid, grunt_megastairs_4
Lair:5:   minmay_lair_end_frog_pond, layout_misc_corridors,
          minmay_slime_entry_oklob_enclosed, hellmonk_guarded_unrand_vines,
          uniq_nessos
IceCv:    ice_cave_tombish

Skill      XL: |  1  2  3  4  5  6  7  8  9 10 11 12 13 |
---------------+----------------------------------------+-----
Poison Magic   | 3 4 5 6 7 |  7.3
Polearms       | 4 5 6 7 9 11 12 | 12.0
Evocations     | 3 4 6 7 8 |  8.0
Stealth        | 3 5 11 12 14 | 14.1
Fighting       | 4 7 8 9 |  9.5
Invocations    | 3 5 6 |  6.9
Axes           | 4 6 |  6.7
Dodging        | |  2.0
Spellcasting   | |  1.0

Action                   |  1- 3 |  4- 6 |  7- 9 | 10-12 | 13-15 || total
-------------------------+-------+-------+-------+-------+-------++-------
Melee: Spear             |    70 |    24 |   246 |   537 |   321 ||  1198
       Whip              |       |    47 |   199 |   119 |    13 ||   378
       Punch             |       |     1 |     7 |     1 |       ||     9
       Short sword       |       |       |       |     7 |    39 ||    46
Throw: Dart              |     3 |     5 |    36 |    26 |       ||    70
       Javelin           |       |     2 |       |       |       ||     2
 Cast: Sting             |    35 |    30 |   170 |   198 |     7 ||   440
       Mephitic Cloud    |       |       |     1 |    36 |     6 ||    43
       Ignite Poison     |       |       |     1 |    11 |     4 ||    16
Invok: Draw Destruction  |       |       |       |     1 |    12 ||    13
       Draw Summoning    |       |       |       |     1 |     3 ||     4
Evoke: Wand              |       |     6 |    10 |    14 |     2 ||    32
  Use: Scroll            |       |       |    11 |    11 |     4 ||    26
       Potion            |       |       |     1 |       |       ||     1
 Stab: Sleeping          |     2 |       |    11 |       |     3 ||    16
       Paralysed         |       |    13 |     9 |       |       ||    22
       Distracted        |       |       |     1 |     1 |       ||     2
       Confused          |       |       |       |    25 |     8 ||    33
       Invisible         |       |       |       |     4 |       ||     4
Armor: Robe              |    12 |    25 |    71 |     7 |       ||   115
       Steam dragon scal |       |       |       |    61 |       ||    61
       Troll leather arm |       |       |       |    83 |   140 ||   223
Dodge: Dodged            |    46 |    72 |   339 |   410 |   132 ||   999

Table legend: (Time is in decaauts)
 A = Elapsed time spent in this place.
 B = Non-inter-level travel time spent in this place.
 C = Inter-level travel time spent in this place.
 D = Time resting spent in this place.
 E = Time spent auto-exploring this place.
 F = Levels seen in this place.
 G = Mean time per level.
                   A        B        C        D        E       F      G
               +--------+--------+--------+--------+--------+-----+--------+
         Total |  24217 |  23208 |   1009 |   8935 |   9365 |  19 | 1274.6 |
       Dungeon |  19762 |  18922 |    840 |   7951 |   7417 |  11 | 1796.5 |
        Temple |     45 |     33 |     12 |      0 |      0 |   1 |   45.0 |
          Lair |   3256 |   3100 |    156 |    579 |   1647 |   5 |  651.2 |
       Ossuary |    494 |    494 |      0 |     53 |    177 |   1 |  494.0 |
      Ice Cave |    658 |    658 |      0 |    351 |    124 |   1 |  658.0 |
               +--------+--------+--------+--------+--------+-----+--------+

Top non-repeatable levels by time:
     D:8: 4306 daAuts
     D:6: 2458 daAuts
     D:4: 2216 daAuts
  Lair:1: 2074 daAuts
     D:5: 1778 daAuts
     D:7: 1751 daAuts
    D:11: 1586 daAuts
     D:1: 1375 daAuts
    D:10: 1207 daAuts
     D:2: 1205 daAuts
     D:3: 1055 daAuts
     D:9: 821 daAuts
   IceCv: 658 daAuts
  Lair:2: 568 daAuts
 Ossuary: 494 daAuts
